 Dungeon Crawl Stone Soup version 0.17-a0-1504-gb7d9117 (webtiles) character file.

974 namelastname112 the Slasher (level 7, -22/61 HPs)
             Began as a Purple Draconian Berserker on July 7, 2015.
             Was an Elder of Trog.
             Annihilated by an ogre
             ... wielding a +0 giant spiked club
              (24 damage)
             ... on level 5 of the Dungeon.
             The game lasted 00:08:41 (4111 turns).

namelastname112 the Slasher (DrBe)                  Turns: 4111, Time: 00:08:41

Health: -22/61     AC:  6    Str: 20    XL:     7   Next: 95%
Magic:  0/3        EV: 13    Int:  7    God:    Trog [****..]
Gold:   156        SH:  0    Dex: 12    Spells: 0 memorised, 6 levels left

rFire  . . .     SeeInvis +     k - +1 great sword (antimagic)
rCold  . . .     Clarity  .     (armour unavailable)
rNeg   . . .     SustAt   +     (no shield)
rPois  .         Gourm    .     (helmet restricted)
rElec  .         Spirit   +     (no cloak)
rCorr  .         Warding  .     (no gloves)
rMut   .         Stasis   .     (no boots)
MR     +++..                    h - amulet of guardian spirit
Stlth  +.........               m - ring of see invisible
                                d - ring of sustain attributes

@: regenerating, extremely resistant to hostile enchantments, very unstealthy
A: breathe power, unfitting armour, cold-blooded, AC +6
a: Breathe Dispelling Energy, Burn Spellbooks, Berserk, Trog's Hand, Brothers in
Arms, Renounce Religion


You were on level 5 of the Dungeon.
You worshipped Trog.
Trog was greatly pleased with you.
You were not hungry.

You visited 1 branch of the dungeon, and saw 5 of its levels.

You collected 156 gold pieces.

Inventory:

Hand weapons
 a - a +0 falchion
 k - a +1 antimagic great sword (weapon)
Jewellery
 d - a ring of sustain attributes (left hand)
 h - an amulet of guardian spirit (around neck)
 j - an uncursed amulet of rage
 m - a ring of see invisible (right hand)
Magical devices
 s - a wand of hasting (4)
Scrolls
 e - 5 scrolls of identify {unknown}
 f - 3 scrolls of blinking {unknown}
 g - 4 scrolls of teleportation {unknown}
 n - a scroll of noise {unknown}
 o - 3 scrolls of remove curse {unknown}
 p - a scroll of enchant weapon {unknown}
 r - a scroll of recharging {unknown}
 u - 2 scrolls of amnesia {unknown}
 v - a scroll of fear {unknown}
Potions
 q - a potion of agility
Comestibles
 b - 3 bread rations
 c - a fruit
 i - a slice of pizza
 l - 2 meat rations


   Skills:
 + Level 5.0 Fighting
 * Level 6.2 Long Blades
 + Level 4.4 Dodging
 * Level 5.4 Evocations


You had 6 spell levels left.
You didn't know any spells.

Dungeon Overview and Level Annotations

Branches:
Dungeon (5/15)
 Temple: D:4-7

Altars:
Ashenzari
Makhleb
Zin


Innate Abilities, Weirdness & Mutations

You can breathe bolts of dispelling energy.
Your rich purple scales are hard (AC +6).
Your body does not fit into most forms of armour.
You are cold-blooded and may be slowed by cold attacks.


Message History

You hit the orc wizard but do no damage.
The orc wizard is almost dead.
The ogre hits you with a giant spiked club!!
* * * LOW HITPOINT WARNING * * *
The orc wizard hits you with a dagger.
* * * LOW HITPOINT WARNING * * *
You are too injured to fight recklessly!
You are too injured to fight recklessly!
You are too injured to fight recklessly!
The orc wizard falters for a moment.
Drink which item? (? for menu, Esc to quit)
Okay, then.
Read which item? (? for menu, Esc to quit)
Okay, then.
Use which ability? (? or * to list)
Your skin crawls.
You feel resistant to hostile enchantments.
You feel slightly more hungry.
The ogre hits you with a giant spiked club!!
You die...

†.## ###### .## #....# ##
#....# # #....# ###
#....#### ..######
#.......# )..#...#
###.....# )......#
#.....########
.......#####(...@#.......
................>O)......
.......##........#.......
..#.#####...######.......
..#.# #...# ....... ..#.#
#...# ....... ..#.# #...#
#.##### ..#.# ..... .#
..#.# ....... .#


You could see an ogre.

Vanquished Creatures
  Sigmund (D:3)
  A phantom (D:4)
  An ice beast (D:5)
  An ogre (D:5)
  A crimson imp (D:5)
  A hound (D:5)
  4 orc priests
  3 orc wizards
  A worker ant (D:4)
  An iguana (D:4)
  A hound skeleton (D:4)
  4 gnolls (D:5)
  A worker ant zombie (D:5)
  8 adders
  A shadow imp (D:5)
  An ooze (D:1)
  3 worms
  4 giant geckos
  18 orcs
  2 ball pythons
  A bat skeleton (D:4)
  5 giant cockroaches
  4 goblins
  4 hobgoblins
  3 jackals
  2 quokkas
  9 bats
  6 giant newts
  7 kobolds
  8 rats
107 creatures vanquished.

Vanquished Creatures (others)
  A plant (D:1)
1 creature vanquished.

Grand Total: 108 creatures vanquished

Notes
Turn   | Place    | Note
--------------------------------------------------------------
     0 | D:1      | namelastname112 the Draconian Berserker began the quest for the Orb.
     0 | D:1      | Reached XP level 1. HP: 19/19 MP: 1/1
   362 | D:1      | Reached XP level 2. HP: 23/26 MP: 2/2
   886 | D:2      | Reached skill level 1 in Evocations
   978 | D:2      | Reached XP level 3. HP: 19/31 MP: 1/3
  1107 | D:2      | Acquired Trog's second power
  1211 | D:2      | Found a glowing silver altar of Zin.
  1681 | D:3      | Reached XP level 4. HP: 32/39 MP: 1/5
  1887 | D:3      | Reached skill level 4 in Fighting
  1887 | D:3      | Reached XP level 5. HP: 14/46 MP: 2/6
  2169 | D:3      | Found a shattered altar of Ashenzari.
  2410 | D:3      | Noticed Sigmund
  2415 | D:3      | Killed Sigmund
  2415 | D:3      | Reached XP level 6. HP: 53/53 MP: 2/8
  2790 | D:4      | Reached skill level 5 in Long Blades
  3009 | D:4      | Your scales start taking on a rich purple colour.
  3009 | D:4      | Reached XP level 7. HP: 53/60 MP: 3/10
  3312 | D:4      | Found a shattered altar of Ashenzari.
  3388 | D:5      | Entered Level 5 of the Dungeon
  3499 | D:5      | Reached skill level 5 in Evocations
  3505 | D:5      | Acquired Trog's third power
  3525 | D:5      | Reached skill level 6 in Long Blades
  3774 | D:5      | HP: 3/90 [gnoll/spear (4)]
  4061 | D:5      | Found a burning altar of Makhleb.
  4108 | D:5      | Reached skill level 5 in Fighting
  4109 | D:5      | HP: 2/61 [ogre/giant spiked club (23)]
  4111 | D:5      | Annihilated by an ogre

Vault maps used:
D:1:      lightli_arrival_farm, serial_forest, infiniplex_forest_clump_large,
          infiniplex_forest_end_1, infiniplex_forest_end_1,
          infiniplex_forest_clump_curved, infiniplex_forest_lined_2,
          infiniplex_forest_clump_curved, minmay_misc_feat_cross
D:2:      zin_scriptorium
D:3:      lemuel_tele_altar, uniq_sigmund
D:4:      old_standard_altar
D:5:      temple_doors_c, first_bread, makhleb_blood_cavern_becter, uniq_pikel

Action                   |  1- 3 |  4- 6 |  7- 9 || total
-------------------------+-------+-------+-------++-------
Melee: Falchion          |    59 |       |       ||    59
       Great sword       |    69 |    87 |    91 ||   247
Invok: Berserk           |       |     2 |     2 ||     4
       Trog's Hand       |       |       |     1 ||     1
  Use: Potion            |       |     5 |       ||     5
 Stab: Sleeping          |       |     1 |       ||     1
  Eat: Chunk             |     2 |     5 |     2 ||     9
       Fruit             |       |     1 |       ||     1
       Meat ration       |       |     1 |       ||     1
